 Dungeon Crawl Stone Soup version 0.25-a0-661-g55ea3d2053 (webtiles) character file.

Game seed: 14294447300726175061, levelgen mode: deterministic

4887 ReteAZ the Grappler (level 10, 0/88 HPs)
             Began as a Ghoul Fighter on Mar 23, 2020.
             Was a Priest of Makhleb.
             Slain by an orc warrior
             ... wielding a +0 trident
              (16 damage)
             ... on level 9 of the Dungeon.
             The game lasted 00:14:40 (7026 turns).

ReteAZ the Grappler (Ghoul Fighter)                 Turns: 7026, Time: 00:14:41

Health: 0/88       AC:  9    Str: 21    XL:     10   Next: 50%
Magic:  9/9        EV: 10    Int:  6    God:    Makhleb [***...]
Gold:   493        SH: 10    Dex:  8    Spells: 9/9 levels left

rFire    . . .     SeeInvis +     - Unarmed
rCold    + + +     Gourm    .   b - +0 kite shield
rNeg     + + +     Faith    .   I - +4 skin of Zhor {Englaciate rC+++ SInv}
rPois    ∞         Spirit   .   o - +2 hat
rElec    .         Reflect  .   (no cloak)
rCorr    .         Harm     .   (no gloves)
MR       +....                  x - +0 pair of boots
Stlth    +.........             (no amulet)
HPRegen  0.00/turn              c - ring of protection from magic
MPRegen  0.11/turn              (no ring)

@: rotting, lightly drained
A: rotting body, claws 1, carnivore, cold resistance 1, negative energy
resistance 3, inhibited regeneration, torment resistance, unbreathing
a: Minor Destruction, Lesser Servant of Makhleb, Renounce Religion


You were on level 9 of the Dungeon.
You worshipped Makhleb.
Makhleb was most pleased with you.
You were not hungry.

You visited 1 branch of the dungeon, and saw 9 of its levels.

You collected 493 gold pieces.

Inventory:

Missiles
 C - 19 poisoned darts (quivered)
Armour
 a - a +0 scale mail
 b - a +0 kite shield (worn)
 o - a +2 hat (worn)
 v - the +3 ring mail of the Disturbing Wonders {-Tele rF++ Dex+3 Stlth+}
   (You found it on level 4 of the Dungeon)

   It affects your dexterity (+3).
   It greatly protects you from fire.
   It prevents most forms of teleportation.
   It makes you more stealthy.
 x - a +0 pair of boots (worn)
 A - the +0 animal skin "Bougi" {*Drain rC+ Str+3}
   (You found it on level 9 of the Dungeon)

   It affects your strength (+3).
   It protects you from cold.
   It causes draining when unequipped.
 I - the +4 skin of Zhor (worn) {Englaciate rC+++ SInv}
   (You took it off an orc on level 9 of the Dungeon)

   It renders you almost immune to cold.
   It lets you see invisible.
Jewellery
 c - a ring of protection from magic (left claw)
Wands
 y - a wand of random effects (22)
 J - a wand of disintegration (10)
Scrolls
 g - 10 scrolls of identify
 h - 2 scrolls of immolation
 i - a scroll of amnesia {unknown}
 j - a scroll of enchant weapon {unknown}
 k - 2 scrolls of fog
 l - 6 scrolls of teleportation
 m - 5 scrolls of remove curse
 p - 3 scrolls of random uselessness {unknown}
 r - a scroll of enchant armour {unknown}
 u - 2 scrolls of blinking {unknown}
 E - a scroll of vulnerability {unknown}
 F - 5 scrolls of magic mapping {unknown}
Potions
 e - 2 potions of magic
 f - 2 potions of curing {unknown}
 n - 2 potions of stabbing {unknown}
 q - 2 potions of ambrosia {unknown}
 s - 3 potions of lignification {unknown}
 t - 3 potions of heal wounds
 w - a potion of brilliance {unknown}
 z - 2 potions of mutation {unknown}
 B - a potion of haste
 G - 7 potions of degeneration
Comestibles
 d - 23 rations


   Skills:
 + Level 8.2(7.9) Fighting
 + Level 6.7(6.4) Armour
 + Level 1.1(0.9) Dodging
 + Level 6.7(6.4) Shields
 * Level 10.6(10.2) Unarmed Combat


You had 9 spell levels left.
You didn't know any spells.
Your spell library contained the following spells:

 Spells                   Type           Power        Failure   Level  Hunger
 Animate Skeleton         Necr           N/A          83%         1    ##.....
 Pain                     Necr           #...         83%         1    ##.....
 Vampiric Draining        Necr           #.........   99%         3    ####...
 Animate Dead             Necr           N/A          100%        4    #####..
 Cause Fear               Hex            #.........   100%        4    #####..
 Agony                    Necr           #.......     100%        5    ######.
 Silence                  Hex/Air        #.........   100%        5    ######.
 Yara's Violent Unravell  Hex/Tmut       #.........   100%        5    ######.
 Deflect Missiles         Chrm/Air       #.........   100%        6    #######
 Discord                  Hex            #.........   100%        8    #######


Dungeon Overview and Level Annotations

Branches:
Dungeon (9/15)             Temple (0/1) D:4             Orc (0/2) D:9
   Lair: D:8-11

Altars:
Dithmenos
Fedhas
Kikubaaqudgha
Makhleb
Ru
Trog
Vehumet
Xom

Shops:
D:6 :   D:9 =


Innate Abilities, Weirdness & Mutations

Your body is rotting away.
You thrive on raw meat.
You are immune to poison.
You have sharp fingernails.
You are carnivorous and can eat meat at any time.
Your flesh is cold resistant. (rC+)
You are immune to negative energy. (rN+++)
You do not regenerate when monsters are visible.
You are immune to unholy pain and torment.
You can survive without breathing.


Message History

You barely miss the orc warrior. You claw the orc warrior!
The orc warrior is moderately wounded.
You block the orc warrior's attack.
You closely miss the orc warrior.
The orc warrior is moderately wounded.
The orc warrior hits you but does no damage.
You scratch the orc warrior.
The orc warrior is moderately wounded.
The orc warrior hits you with a +0 trident!
* * * LOW HITPOINT WARNING * * *
You scratch the orc warrior.
The orc warrior is heavily wounded.
You barely miss the orc warrior.
The orc warrior is heavily wounded.
You block the orc warrior's attack.
You closely miss the orc warrior.
The orc warrior is heavily wounded.
The orc warrior hits you with a +0 trident!
You die...

####....#.#.#
####.#...#
#.#####
#.#...###
#.......#
###.#.#.#
####.#...#
#.......##..
#...@)......
#...o.....##
#.........#
#.........#
#.........#
######....#
....# <...#


You could see an orc warrior.

Vanquished Creatures
  An ugly thing (D:9)
  Joseph (D:8)
  Prince Ribbit (D:7)
  2 hippogriffs
  Sigmund (D:3)
  Edmund (D:4)
  Duvessa (D:5)
  A swamp drake (D:9)
  A hornet zombie (D:8)
  An orc warrior (D:9)
  An ice beast (D:5)
  A sky beast (D:4)
  7 ogres
  3 centaurs
  2 bullfrogs
  Dowan (D:5)
  2 scorpions
  3 wights (D:7)
  A howler monkey (D:5)
  A centaur zombie (D:7)
  5 crimson imps (D:5)
  2 hounds (D:5)
  A quasit (D:9)
  2 centaur skeletons
  8 orc priests
  3 jellies
  A bullfrog skeleton (D:4)
  6 iguanas
  7 orc wizards
  5 worker ants
  2 hound skeletons
  11 adders
  3 gnolls (D:6)
  3 shadow imps
  An adder zombie (D:5)
  An adder skeleton (D:4)
  2 worms
  5 dart slugs
  5 leopard geckos
  28 orcs
  8 giant cockroaches
  10 goblins
  11 hobgoblins
  6 jackals
  4 quokkas
  5 bats
  6 frilled lizards
  A jackal skeleton (D:5)
  6 kobolds
  A leopard gecko skeleton (D:9)
  9 rats
201 creatures vanquished.

Notes
Turn   | Place    | Note
-------+----------+-------------------------------------------
     0 | D:1      | ReteAZ the Ghoul Fighter began the quest for the Orb.
     0 | D:1      | Reached XP level 1. HP: 19/19 MP: 0/0
    98 | D:1      | Reached XP level 2. HP: 19/26 MP: 1/1
   286 | D:1      | Reached XP level 3. HP: 27/31 MP: 2/2
   407 | D:1      | Reached skill level 3 in Unarmed Combat
  1004 | D:2      | Reached XP level 4. HP: 38/40 MP: 3/3
  1035 | D:2      | Found a shadowy altar of Dithmenos.
  1214 | D:2      | Found an ancient bone altar of Kikubaaqudgha.
  1686 | D:3      | Noticed Sigmund
  1694 | D:3      | Killed Sigmund
  1694 | D:3      | Reached skill level 4 in Unarmed Combat
  1694 | D:3      | Reached XP level 5. HP: 47/47 MP: 4/4
  1694 | D:3      | Reached XP level 6. HP: 53/53 MP: 5/5
  2021 | D:3      | Found a radiant altar of Vehumet.
  2106 | D:4      | Got a faintly glowing ring mail
  2117 | D:4      | Identified the +3 ring mail of the Disturbing Wonders
                  | {-Tele rF++ Dex+3 Stlth+} (You found it on level 4 of the
                  | Dungeon)
  2192 | D:4      | Reached skill level 5 in Unarmed Combat
  2339 | D:4      | Noticed Edmund
  2357 | D:4      | Killed Edmund
  2357 | D:4      | Reached XP level 7. HP: 22/60 MP: 6/6
  2367 | D:4      | Reached skill level 5 in Fighting
  2416 | D:4      | Found a bloodstained altar of Trog.
  2435 | D:4      | Found a sacrificial altar of Ru.
  2438 | D:4      | Found a burning altar of Makhleb.
  2508 | D:4      | Became a worshipper of Makhleb the Destroyer
  2723 | D:4      | Found a staircase to the Ecumenical Temple.
  2763 | D:5      | Entered Level 5 of the Dungeon
  2853 | D:5      | Reached skill level 6 in Unarmed Combat
  2987 | D:5      | Noticed Duvessa
  2996 | D:5      | Reached XP level 8. HP: 49/68 MP: 7/7
  3348 | D:5      | Reached * piety under Makhleb
  3361 | D:5      | Reached skill level 7 in Unarmed Combat
  3489 | D:5      | Found a shimmering altar of Xom.
  3652 | D:6      | Reached skill level 5 in Armour
  3815 | D:6      | Reached skill level 5 in Shields
  3908 | D:6      | Found Wenytam's Book Shoppe.
  4447 | D:7      | Reached XP level 9. HP: 70/77 MP: 8/8
  4480 | D:7      | Found a blossoming altar of Fedhas.
  4500 | D:7      | Reached skill level 8 in Unarmed Combat
  4734 | D:7      | Noticed Prince Ribbit
  4748 | D:7      | Killed Prince Ribbit
  4980 | D:7      | Reached ** piety under Makhleb
  4980 | D:7      | Reached skill level 9 in Unarmed Combat
  5246 | D:5      | Killed Duvessa
  5250 | D:5      | Noticed Dowan
  5257 | D:5      | Killed Dowan
  5620 | D:8      | Noticed Joseph
  5664 | D:8      | Killed Joseph
  5664 | D:8      | Reached XP level 10. HP: 40/86 MP: 9/9
  5937 | D:8      | Reached skill level 10 in Unarmed Combat
  6330 | D:9      | Found a staircase to the Orcish Mines.
  6410 | D:9      | Got a crude animal skin
  6421 | D:9      | Identified the +0 animal skin "Bougi" {*Drain rC+ Str+3}
                  | (You found it on level 9 of the Dungeon)
  6666 | D:9      | Noticed a white ugly thing
  6667 | D:9      | Reached *** piety under Makhleb
  6709 | D:9      | Killed a white ugly thing
  6709 | D:9      | Reached skill level 1 in Dodging
  6938 | D:9      | Found a shadowy altar of Dithmenos.
  6945 | D:9      | Found Aneh's Jewellery Shoppe.
  7026 | D:9      | Slain by an orc warrior

Levels and vault maps discovered:
D:1:      denvon_arrival_planthouse, layout_basic
D:2:      layout_loops_ring, lemuel_doored_altar, kiku_gazebo_garden_becter
D:3:      layout_basic, marbit_many_paths, uniq_sigmund
D:4:      layout_cave_pools, grunt_temple_overflow_open, temple_hall, trog_book,
          uniq_edmund
D:5:      layout_basic, first_ration, led_xom_imps, uniq_duvessa
D:6:      layout_loops_corners, serial_shops, nicolae_shop_crystal
D:7:      layout_rooms, fedhas_bush_and_centaur_altar, grunt_ogre_cave,
          corexii_leaking_fountain, uniq_prince_ribbit1
D:8:      layout_basic, uniq_joseph
D:9:      lemuel_ice_spiral_2, layout_basic, erik_orc_1, serial_shops, shop,
          basic_altar

Skill      XL: |  1  2  3  4  5  6  7  8  9 10 |
---------------+-------------------------------+-----
Armour         | 3 4 5 6 |  6.7
Unarmed Combat | 3 4 5 6 7 9 10 | 10.6
Shields        | 3 4 5 6 |  6.7
Fighting       | 4 5 6 7 8 |  8.2
Dodging        | 1 |  1.1

Action                   |  1- 3 |  4- 6 |  7- 9 | 10-12 || total
-------------------------+-------+-------+-------+-------++-------
Melee: Unarmed           |   124 |   158 |   370 |   205 ||   857
Throw: Throwing net      |       |       |     2 |     2 ||     4
       Dart              |       |       |    14 |       ||    14
Evoke: Wand              |       |       |       |     2 ||     2
  Use: Potion            |       |     2 |       |     2 ||     4
       Scroll            |       |       |     5 |       ||     5
 Stab: Sleeping          |       |       |     1 |       ||     1
       Held in net/web   |       |       |       |     2 ||     2
  Eat: Chunk             |     8 |    10 |    24 |    36 ||    78
Armor: Scale mail        |    69 |    37 |       |       ||   106
       Ring mail         |       |    13 |   111 |    44 ||   168
       Animal skin       |       |       |       |    15 ||    15
Dodge: Dodged            |    39 |    28 |    98 |    59 ||   224
Block: Kite shield       |    59 |    59 |   150 |    83 ||   351

Table legend:
 A = Non-vault XP
 B = Vault XP
 C = Vault XP percentage of total XP
 D = Non-vault monster count
 E = Vault monster count
 F = Vault count percentage of total count
                 A         B        C        D         E       F
            +---------+---------+-------+---------+---------+-------
      Total |    4579 |    2403 |  34.4 |     171 |      30 |  14.9
            +---------+---------+-------+---------+---------+-------
        D:1 |      62 |       0 |   0.0 |      33 |       0 |   0.0
        D:2 |      74 |       0 |   0.0 |      20 |       0 |   0.0
        D:3 |      73 |     213 |  74.5 |      15 |       2 |  11.8
        D:4 |     448 |     158 |  26.1 |      15 |       1 |   6.2
        D:5 |     601 |     414 |  40.8 |      24 |       6 |  20.0
        D:6 |     356 |       0 |   0.0 |      14 |       0 |   0.0
        D:7 |     988 |     531 |  35.0 |      15 |       3 |  16.7
        D:8 |     712 |     518 |  42.1 |      14 |       1 |   6.7
        D:9 |    1265 |     569 |  31.0 |      21 |      17 |  44.7
            +---------+---------+-------+---------+---------+-------
